| TOP OF THE 1ST |
|
Scranton WB RailRiders batting - Pitching for Round Rock Express : LHP Alfonso Guillen
|
|
Pitching: LHP Alfonso Guillen
|
|
|
Batting: SHB Jay Gagnon
|
0-0: Ball 1-0: Fly out, F9 (Flyball, 9S, EV 88.1 MPH)
|
|
Batting: RHB Josh Zoglmann
|
0-0: Called Strike 0-1: Ground out 4-3 (Groundball, 4S, EV 70.0 MPH)
|
|
Batting: RHB Devon Utley
|
0-0: Called Strike 0-1: Called Strike 0-2: Strikes out swinging
|
| Top of the 1st over - 0 runs, 0 hits, 0 errors, 0 left on base; Scranton WB 0 - Round Rock 0 |
| BOTTOM OF THE 1ST |
|
Round Rock Express batting - Pitching for Scranton WB RailRiders : RHP Jason Sterner
|
|
Pitching: RHP Jason Sterner
|
|
|
Batting: RHB Jonathan Rangel
|
0-0: Ball 1-0: Ball 2-0: Ball 3-0: Called Strike 3-1: Ground out 6-3 (Groundball, 6, EV 111.9 MPH)
|
|
Batting: LHB Barend van der Kamp
|
0-0: Called Strike 0-1: Ball 1-1: Ball 2-1: Foul Ball, location: 2F 2-2: Strikes out looking
|
|
Batting: RHB Noah Stanley
|
0-0: Ball 1-0: Foul Ball, location: 2F 1-1: SOLO HOME RUN (Flyball, 7LD, EV 100.0 MPH), Distance : 392 ft
|
|
Batting: RHB Doug Hammertime
|
0-0: Ball 1-0: Ball 2-0: TRIPLE (Line Drive, 9LD, EV 108.8 MPH)
|
|
Batting: RHB Jarrod Joyce
|
0-0: Foul Ball, location: 2F 0-1: Swinging Strike 0-2: SINGLE (Groundball, 5S, EV 68.1 MPH) (infield hit) Doug Hammertime scores
|
|
Batting: RHB Ryan Kinkead
|
0-0: SINGLE (Groundball, 34D, EV 97.5 MPH) Jarrod Joyce to second Runner from 2nd tries for 3rd, SAFE, throw by RF made to third
|
|
Batting: RHB Ernie Weathersbee
|
0-0: Foul Ball, location: 2F 0-1: Foul Ball, location: 2F 0-2: Ball 1-2: Fielders Choice at 2nd, 6-4 (Groundball, 6, EV 106.9 MPH)
|
| Bottom of the 1st over - 2 runs, 4 hits, 0 errors, 2 left on base; Scranton WB 0 - Round Rock 2 |
| TOP OF THE 2ND |
|
Scranton WB RailRiders batting - Pitching for Round Rock Express : LHP Alfonso Guillen
|
|
Batting: RHB Jerry Castro
|
0-0: Ball 1-0: Ball 2-0: Foul Ball, location: 2F 2-1: Ground out 6-3 (Groundball, P, EV 85.6 MPH)
|
|
Batting: RHB Mike Gifford
|
0-0: Called Strike 0-1: Ball 1-1: Ground out 5-3 (Groundball, 56, EV 80.0 MPH)
|
|
Batting: LHB Aaron Joyner
|
0-0: Ball 1-0: Fly out, F4 (Flyball, 4MD, EV 87.5 MPH)
|
| Top of the 2nd over - 0 runs, 0 hits, 0 errors, 0 left on base; Scranton WB 0 - Round Rock 2 |
| BOTTOM OF THE 2ND |
|
Round Rock Express batting - Pitching for Scranton WB RailRiders : RHP Jason Sterner
|
|
Batting: RHB Ivan Colon
|
0-0: Called Strike 0-1: Ball 1-1: Ball 2-1: DOUBLE (Groundball, 5L, EV 102.5 MPH)
|
|
Batting: RHB Jeremy Boerman
|
0-0: Called Strike 0-1: Ball 1-1: Ground out 6-3 (Groundball, 6M, EV 81.9 MPH) Ivan Colon to third
|
|
Batting: RHB Jonathan Rangel
|
0-0: Called Strike 0-1: Ball 1-1: Ball 2-1: Foul Ball, location: 2F 2-2: Ball 3-2: Foul Ball, location: 2F 3-2: Strikes out looking
|
|
Batting: LHB Barend van der Kamp
|
0-0: Ball 1-0: Ball 2-0: Ground out 6-3 (Groundball, 6M, EV 91.9 MPH)
|
| Bottom of the 2nd over - 0 runs, 1 hit, 0 errors, 1 left on base; Scranton WB 0 - Round Rock 2 |
| TOP OF THE 3RD |
|
Scranton WB RailRiders batting - Pitching for Round Rock Express : LHP Alfonso Guillen
|
|
Batting: SHB Ryan Buchbinder
|
0-0: Swinging Strike 0-1: Called Strike 0-2: Ball 1-2: Strikes out swinging
|
|
Batting: SHB Jose Vargas
|
0-0: Swinging Strike 0-1: Foul Ball, location: 2F 0-2: Ball 1-2: Ball 2-2: Fly out, F8 (Flyball, 8RXD, EV 95.0 MPH)
|
|
Batting: SHB Joe Fure
|
0-0: Ball 1-0: Called Strike 1-1: Foul Ball, location: 2F 1-2: Foul Ball, location: 2F 1-2: Strikes out swinging
|
| Top of the 3rd over - 0 runs, 0 hits, 0 errors, 0 left on base; Scranton WB 0 - Round Rock 2 |
| BOTTOM OF THE 3RD |
|
Round Rock Express batting - Pitching for Scranton WB RailRiders : RHP Jason Sterner
|
|
Batting: RHB Noah Stanley
|
0-0: Ball 1-0: Swinging Strike 1-1: Called Strike 1-2: Ground out 6-3 (Groundball, 6S, EV 72.5 MPH)
|
|
Batting: RHB Doug Hammertime
|
0-0: Ball 1-0: SINGLE (Line Drive, 56D, EV 104.4 MPH)
|
|
Batting: RHB Jarrod Joyce
|
0-0: Called Strike Doug Hammertime steals 2nd base 0-1: Swinging Strike 0-2: Ground out 5-3 (Groundball, 5, EV 95.6 MPH)
|
|
Batting: RHB Ryan Kinkead
|
0-0: SINGLE (Groundball, 34D, EV 101.9 MPH) Doug Hammertime to third Runner from 3rd tries for Home, throw by RF and OUT! 9-2
|
| Bottom of the 3rd over - 0 runs, 2 hits, 0 errors, 1 left on base; Scranton WB 0 - Round Rock 2 |
| TOP OF THE 4TH |
|
Scranton WB RailRiders batting - Pitching for Round Rock Express : LHP Alfonso Guillen
|
|
Batting: SHB Jay Gagnon
|
0-0: Called Strike 0-1: Fly out, F6 (Line Drive, 6M, EV 71.2 MPH)
|
|
Batting: RHB Josh Zoglmann
|
0-0: Ball 1-0: Swinging Strike 1-1: Ball 2-1: Foul Ball, location: 2F 2-2: Strikes out swinging
|
|
Batting: RHB Devon Utley
|
0-0: Ball 1-0: Foul Ball, location: 2F 1-1: Called Strike 1-2: Ball 2-2: Fly out, F8 (Flyball, 8RXD, EV 84.4 MPH)
|
| Top of the 4th over - 0 runs, 0 hits, 0 errors, 0 left on base; Scranton WB 0 - Round Rock 2 |
| BOTTOM OF THE 4TH |
|
Round Rock Express batting - Pitching for Scranton WB RailRiders : RHP Jason Sterner
|
|
Batting: RHB Ernie Weathersbee
|
0-0: SINGLE (Line Drive, 8LS, EV 103.8 MPH)
|
|
Batting: RHB Ivan Colon
|
0-0: Ball 1-0: Fly out, F6 (Line Drive, 6, EV 68.8 MPH)
|
|
Batting: RHB Jeremy Boerman
|
0-0: Ball 1-0: Called Strike 1-1: Ball 2-1: SINGLE (Groundball, 56S, EV 65.0 MPH) (infield hit) Ernie Weathersbee to second
|
|
Batting: RHB Jonathan Rangel
|
0-0: Called Strike 0-1: Foul Ball, location: 2F 0-2: Ball 1-2: Fly out, F9 (Flyball, 89S, EV 86.9 MPH)
|
|
Batting: LHB Barend van der Kamp
|
0-0: Fielders Choice at 2nd, 6-4 (Groundball, 6, EV 90.0 MPH)
|
| Bottom of the 4th over - 0 runs, 2 hits, 0 errors, 2 left on base; Scranton WB 0 - Round Rock 2 |
| TOP OF THE 5TH |
|
Scranton WB RailRiders batting - Pitching for Round Rock Express : LHP Alfonso Guillen
|
|
Batting: RHB Jerry Castro
|
0-0: Called Strike 0-1: Foul Ball, location: 2F 0-2: Ball 1-2: Strikes out swinging
|
|
Batting: RHB Mike Gifford
|
0-0: Foul Ball, location: 2F 0-1: Ball 1-1: Ball 2-1: Fly out, F8 (Flyball, 8RD, EV 103.8 MPH)
|
|
Batting: LHB Aaron Joyner
|
0-0: Ball 1-0: Foul Ball, location: 2F 1-1: Ground out 1-3 (Groundball, 34S, EV 75.6 MPH)
|
| Top of the 5th over - 0 runs, 0 hits, 0 errors, 0 left on base; Scranton WB 0 - Round Rock 2 |
| BOTTOM OF THE 5TH |
|
Round Rock Express batting - Pitching for Scranton WB RailRiders : RHP Jason Sterner
|
|
Batting: RHB Noah Stanley
|
0-0: Called Strike 0-1: Foul Ball, location: 2F 0-2: Ball 1-2: Ball 2-2: Fly out, F3 (Popup, 3SF, EV 71.9 MPH)
|
|
Batting: RHB Doug Hammertime
|
0-0: Ball 1-0: Called Strike 1-1: Called Strike 1-2: Ball 2-2: Ground out U3 (Groundball, 34, EV 81.2 MPH)
|
|
Batting: RHB Jarrod Joyce
|
0-0: Ball 1-0: Swinging Strike 1-1: Ball 2-1: Foul Ball, location: 2F 2-2: Foul Ball, location: 2F 2-2: Ground out 6-3 (Groundball, 6, EV 100.0 MPH)
|
| Bottom of the 5th over - 0 runs, 0 hits, 0 errors, 0 left on base; Scranton WB 0 - Round Rock 2 |
| TOP OF THE 6TH |
|
Scranton WB RailRiders batting - Pitching for Round Rock Express : LHP Alfonso Guillen
|
|
Batting: SHB Ryan Buchbinder
|
0-0: Ground out 5-3 (Groundball, 56S, EV 69.4 MPH)
|
|
Batting: SHB Jose Vargas
|
0-0: Foul Ball, location: 2F 0-1: Swinging Strike 0-2: Ball 1-2: Foul Ball, location: 2F 1-2: Foul Ball, location: 2F 1-2: Foul Ball, location: 2F 1-2: Ball 2-2: Strikes out swinging
|
|
Batting: SHB Joe Fure
|
0-0: Called Strike 0-1: Ball 1-1: Fly out, F7 (Line Drive, 7S, EV 85.0 MPH)
|
| Top of the 6th over - 0 runs, 0 hits, 0 errors, 0 left on base; Scranton WB 0 - Round Rock 2 |
| BOTTOM OF THE 6TH |
|
Round Rock Express batting - Pitching for Scranton WB RailRiders : RHP Jason Sterner
|
|
Batting: RHB Ryan Kinkead
|
0-0: Ball 1-0: Foul Ball, location: 2F 1-1: Ball 2-1: Ball 3-1: Called Strike 3-2: Strikes out looking
|
|
Batting: RHB Ernie Weathersbee
|
0-0: Ball 1-0: Fly out, F4 (Line Drive, 4M, EV 66.9 MPH)
|
|
Batting: RHB Ivan Colon
|
0-0: Called Strike 0-1: Foul Ball, location: 2F 0-2: Foul Ball, location: 2F 0-2: Foul Ball, location: 2F 0-2: Ball 1-2: Ground out 6-3 (Groundball, 6, EV 105.0 MPH)
|
| Bottom of the 6th over - 0 runs, 0 hits, 0 errors, 0 left on base; Scranton WB 0 - Round Rock 2 |
| TOP OF THE 7TH |
|
Scranton WB RailRiders batting - Pitching for Round Rock Express : LHP Alfonso Guillen
|
|
Now in LF: Javy Rosa
|
|
|
Now in RF: Ernie Weathersbee
|
|
|
Batting: SHB Jay Gagnon
|
0-0: Ball 1-0: SINGLE (Groundball, 56D, EV 108.8 MPH)
|
|
Batting: RHB Josh Zoglmann
|
0-0: Called Strike Jay Gagnon is caught stealing 2nd base 2-4 0-1: Ball 1-1: Ball 2-1: Swinging Strike 2-2: Ground out 6-3 (Groundball, 6S, EV 65.0 MPH)
|
|
Batting: RHB Devon Utley
|
0-0: SINGLE (Groundball, 6MD, EV 107.5 MPH)
|
|
Batting: RHB Jerry Castro
|
0-0: Ball 1-0: Ball Devon Utley is caught stealing 2nd base 2-4
|
| Top of the 7th over - 0 runs, 2 hits, 0 errors, 0 left on base; Scranton WB 0 - Round Rock 2 |
| BOTTOM OF THE 7TH |
|
Round Rock Express batting - Pitching for Scranton WB RailRiders : RHP Jason Sterner
|
|
Batting: RHB Jeremy Boerman
|
0-0: Called Strike 0-1: Ball 1-1: Ball 2-1: SINGLE (Groundball, 6MD, EV 109.4 MPH)
|
|
Batting: RHB Jonathan Rangel
|
0-0: Bunt missed! 0-1: Ball Jeremy Boerman steals 2nd base 1-1: Ball 2-1: Bunt missed! 2-2: Strikes out swinging
|
|
Pitching: LHP Jay Turpin
|
|
|
Batting: SHB Javy Rosa
|
0-0: Foul Ball, location: 2F 0-1: Called Strike 0-2: Fly out, F7 (Line Drive, 7S, EV 93.1 MPH)
|
|
Batting: RHB Noah Stanley
|
0-0: Ball 1-0: Ball 2-0: Ball 3-0: Called Strike 3-1: Foul Ball, location: 2F 3-2: Foul Ball, location: 2F 3-2: Foul Ball, location: 2F 3-2: Foul Ball, location: 2F 3-2: Fly out, F8 (Flyball, 89D, EV 85.0 MPH)
|
| Bottom of the 7th over - 0 runs, 1 hit, 0 errors, 1 left on base; Scranton WB 0 - Round Rock 2 |
| TOP OF THE 8TH |
|
Scranton WB RailRiders batting - Pitching for Round Rock Express : LHP Alfonso Guillen
|
|
Batting: RHB Jerry Castro
|
0-0: Ball 1-0: Called Strike 1-1: Foul Ball, location: 2F 1-2: Foul Ball, location: 2F 1-2: Ball 2-2: Foul Ball, location: 2F 2-2: Foul Ball, location: 2F 2-2: Ground out 4-3 (Groundball, 4M, EV 86.9 MPH)
|
|
Batting: RHB Mike Gifford
|
0-0: Called Strike 0-1: Ball 1-1: SINGLE (Line Drive, 8LS, EV 103.8 MPH)
|
|
Pinch Hitting: RHB Andy Wasierski
|
0-0: Called Strike 0-1: Ball 1-1: Ball 2-1: SINGLE (Groundball, 6MD, EV 101.2 MPH) Mike Gifford to second Runner from 2nd tries for 3rd, SAFE, throw by CF made to third Andy Wasierski to second
|
|
Batting: SHB Ryan Buchbinder
|
0-0: DOUBLE (Line Drive, 7LD, EV 109.4 MPH) Mike Gifford scores Andy Wasierski scores
|
|
Pinch Hitting: RHB Eric Davis
|
0-0: Intentional Walk
|
|
Batting: SHB Joe Fure
|
0-0: Called Strike 0-1: Swinging Strike 0-2: SINGLE (Line Drive, 3L, EV 106.9 MPH) Ryan Buchbinder to third Eric Davis to second
|
|
Batting: SHB Jay Gagnon
|
0-0: Swinging Strike 0-1: Swinging Strike 0-2: Ball 1-2: Strikes out swinging
|
|
Batting: RHB Josh Zoglmann
|
0-0: Ball 1-0: Foul Ball, location: 2F 1-1: Ball 2-1: Ball 3-1: SINGLE (Groundball, 4MS, EV 77.5 MPH) (infield hit) Ryan Buchbinder scores Eric Davis to third Joe Fure to second
|
|
Pitching: LHP John McRight
|
|
|
Batting: RHB Devon Utley
|
Balk! Eric Davis scores Joe Fure to third Josh Zoglmann to second 0-0: Called Strike 0-1: Called Strike 0-2: Strikes out swinging
|
| Top of the 8th over - 4 runs, 5 hits, 0 errors, 2 left on base; Scranton WB 4 - Round Rock 2 |
| BOTTOM OF THE 8TH |
|
Round Rock Express batting - Pitching for Scranton WB RailRiders : LHP Jay Turpin
|
|
Now at 2B: Andy Wasierski
|
|
|
Now at 3B: Eric Davis
|
|
|
Now in RF: Ryan Buchbinder
|
|
|
Batting: RHB Doug Hammertime
|
0-0: Ball 1-0: Called Strike 1-1: Ball 2-1: Ball 3-1: Called Strike 3-2: Ground out 5-3 (Groundball, 56S, EV 80.0 MPH)
|
|
Batting: RHB Jarrod Joyce
|
0-0: Ball 1-0: Ground out 5-3 (Groundball, 56, EV 108.1 MPH)
|
|
Batting: RHB Ryan Kinkead
|
0-0: Called Strike 0-1: SINGLE (Flyball, 89S, EV 91.9 MPH)
|
|
Batting: RHB Ernie Weathersbee
|
0-0: Called Strike 0-1: Foul Ball, location: 2F 0-2: Strikes out swinging
|
| Bottom of the 8th over - 0 runs, 1 hit, 0 errors, 1 left on base; Scranton WB 4 - Round Rock 2 |
| TOP OF THE 9TH |
|
Scranton WB RailRiders batting - Pitching for Round Rock Express : LHP John McRight
|
|
Batting: RHB Jerry Castro
|
0-0: SINGLE (Flyball, 8RS, EV 92.5 MPH)
|
|
Batting: RHB Mike Gifford
|
0-0: Swinging Strike 0-1: Swinging Strike 0-2: Ball 1-2: Ball 2-2: Strikes out swinging
|
|
Batting: RHB Andy Wasierski
|
0-0: Foul Ball, location: 2F 0-1: Fielders Choice at 2nd, 6-4 (Groundball, 6, EV 81.9 MPH)
|
|
Batting: SHB Ryan Buchbinder
|
0-0: Called Strike 0-1: Foul Ball, location: 2F 0-2: Ball Andy Wasierski steals 2nd base (no throw) 1-2: Strikes out looking
|
| Top of the 9th over - 0 runs, 1 hit, 0 errors, 1 left on base; Scranton WB 4 - Round Rock 2 |
| BOTTOM OF THE 9TH |
|
Round Rock Express batting - Pitching for Scranton WB RailRiders : LHP Jay Turpin
|
|
Pitching: RHP Ricky Mercer
|
|
|
Now at 1B: Ryan Buchbinder
|
|
|
Now in RF: Jose Lebron
|
|
|
Batting: RHB Ivan Colon
|
0-0: Foul Ball, location: 2F 0-1: Ball 1-1: Ground out 6-3 (Groundball, 6, EV 88.8 MPH)
|
|
Pinch Hitting: SHB Pat Wilson
|
0-0: Ground out 5-3 (Groundball, 56S, EV 85.6 MPH)
|
|
Pinch Hitting: LHB Cooper Broomhall
|
0-0: Foul Ball, location: 2F 0-1: Ball 1-1: Ball 2-1: Called Strike 2-2: Ball 3-2: Base on Balls
|
|
Batting: SHB Javy Rosa
|
0-0: Ball 1-0: Ball 2-0: Called Strike 2-1: Called Strike 2-2: Strikes out looking
|
| Bottom of the 9th over - 0 runs, 0 hits, 0 errors, 1 left on base; Scranton WB 4 - Round Rock 2 |
|